 Dungeon Crawl Stone Soup version 0.27-a0-1006-g1fd4cec11e (webtiles) character file.

Game seed: 8783338702668920077

121 funkygono the Firebug (level 5, -11/28 HPs)
             Began as a Gargoyle Fire Elementalist on Apr 17, 2021.
             Shot with an arrow by a centaur (12 damage)
             ... on level 2 of the Dungeon.
             The game lasted 00:05:49 (2523 turns).

funkygono the Firebug (Gargoyle Fire Elementalist)  Turns: 2523, Time: 00:05:50

Health: -11/28     AC:  6    Str: 12    XL:     5   Next: 5%
Magic:  8/9        EV: 12    Int: 16    God:
Gold:   60         SH:  0    Dex: 10    Spells: 6/10 levels left

rFire    . . .     SeeInvis +   j - +1 whip (pain)
rCold    . . .     Faith    .   (no shield)
rNeg     + . .     Spirit   .   a - +0 robe
rPois    ∞         Reflect  .   (no helmet)
rElec    +         Harm     .   (no cloak)
rCorr    .         Rampage  .   (no gloves)
Will     .....                  (no boots)
Stlth    ++........             (no amulet)
HPRegen  0.09/turn              k - ring of see invisible
MPRegen  0.11/turn              (no ring)

@: attractive
A: AC +4, negative energy resistance 1, electricity resistance, torment
resistance 1, unbreathing 1, petrification resistance
a: no special abilities


You were on level 2 of the Dungeon.
You visited 1 branch of the dungeon, and saw 2 of its levels.

You collected 60 gold pieces.

Inventory:

Hand Weapons
 c - a +0 flail
 j - a +1 whip of pain (weapon)
Missiles
 g - 68 stones
Armour
 a - a +0 robe (worn)
 e - a +0 buckler
Jewellery
 k - a ring of see invisible (left hand)
Scrolls
 f - a scroll of teleportation {unknown}
 h - a scroll of fear
Potions
 b - a potion of haste
 i - a potion of attraction


   Skills:
 + Level 0.1 Fighting
 + Level 0.2 Maces & Flails
 + Level 1.8 Dodging
 - Level 2.1 Stealth
 * Level 3.2 Spellcasting
 * Level 2.4 Conjurations
 * Level 3.9 Fire Magic


You had 6 spell levels left.
You knew the following spells:

 Your Spells              Type           Power      Damage    Failure   Level
a - Foxfire               Conj/Fire      48%        2x1d6     4%          1
b - Conjure Flame         Conj/Fire      12%        6-21      14%         3

Your spell library contained the following spells:

 Spells                   Type           Power      Damage    Failure   Level
 Summon Small Mammal      Summ           8%         N/A       19%         1
 Inner Flame              Hex/Fire       8%         N/A       24%         3
 Call Imp                 Summ           2%         N/A       28%         2
 Sticky Flame             Conj/Fire      12%        2d4       43%         4
 Call Canine Familiar     Summ           2%         N/A       50%         3
 Summon Guardian Golem    Hex/Summ       2%         N/A       50%         3
 Fireball                 Conj/Fire      6%         3d5       80%         5
 Summon Ice Beast         Ice/Summ       2%         N/A       88%         4
 Summon Lightning Spire   Summ/Air       2%         N/A       88%         4


Dungeon Overview and Level Annotations

Branches:
Dungeon (2/15)

Altars:


Innate Abilities, Weirdness & Mutations

Your stone body is resilient. (AC +4)
You are immune to poison.
You resist negative energy. (rN+)
You are resistant to electric shocks. (rElec)
You are resistant to unholy torment.
You can survive without breathing.
You are immune to petrification.


Message History

The centaur hits you.
* * * LOW HITPOINT WARNING * * *
The centaur kicks you but does no damage.
It was a potion of attraction.
You feel attractive to monsters.
The centaur hits you but does no damage.
The centaur barely misses you. The centaur hits you.
* * * LOW HITPOINT WARNING * * *
The centaur misses you.
You hit the centaur.
The centaur is moderately wounded.
The centaur misses you. The centaur completely misses you.
It was a potion of curing.
You feel better. The centaur barely misses you.
The centaur kicks you but does no damage.
The centaur closely misses you. x2
You hit the centaur but do no damage.
The centaur is moderately wounded.
The centaur closely misses you.
The centaur kicks you but does no damage.
The centaur hits you but does no damage.
The centaur kicks you but does no damage.
You hit the centaur.
The centaur is heavily wounded.
The centaur hits you.
* * * LOW HITPOINT WARNING * * *
The centaur kicks you.
* * * LOW HITPOINT WARNING * * *
You barely miss the centaur.
The centaur is heavily wounded.
The centaur hits you.
* * * LOW HITPOINT WARNING * * *
The centaur kicks you.
* * * LOW HITPOINT WARNING * * *
The centaur closely misses you. The centaur misses you.
Really quaff the potion of attraction?
Okay, then.
Unknown command.
The centaur wields a +0 shortbow.
The centaur shoots an arrow.
The arrow hits you!
You die...

....#.#.....#.##.#######
....#.#.....#. #........
....#.#.....#. #..######
....#.#.....# #........
+##.#.#.....####..#.###.
.##.#.............#.#
.##.#†###<..(.......#
..#.#)#########...#####.#
..#†.......# #.@.......#
#..........+....#.####..#
#..........######c#
#...######.# #Z#
#...######.######.####
........#...##....(..#
...>....#.#....##'##....#
........+...####.). ##..
..........### #...#


You could see a centaur and an adder skeleton.

Vanquished Creatures
  4 gnolls (D:2)
  3 adders (D:2)
  A worm (D:2)
  3 dart slugs
  2 ball pythons
  4 bats
  5 endoplasms
  2 giant cockroaches (D:1)
  3 goblins
  4 hobgoblins
  6 jackals (D:1)
  3 frilled lizards (D:1)
  2 kobolds
  6 rats
48 creatures vanquished.

Vanquished Creatures (others)
  165 foxfires
165 creatures vanquished.

Grand Total: 213 creatures vanquished

Notes
Turn   | Place    | Note
-------+----------+-------------------------------------------
     0 | D:1      | funkygono the Gargoyle Fire Elementalist began the quest
                  | for the Orb.
     0 | D:1      | Reached XP level 1. HP: 10/10 MP: 3/3
   186 | D:1      | Reached XP level 2. HP: 15/15 MP: 1/5
   948 | D:1      | Reached XP level 3. HP: 19/19 MP: 3/6
  1294 | D:1      | Learned a level 3 spell: Conjure Flame
  1875 | D:2      | Reached XP level 4. HP: 21/24 MP: 5/8
  2456 | D:2      | Reached XP level 5. HP: 28/28 MP: 7/9
  2494 | D:2      | Noticed a centaur
  2522 | D:2      | HP: 1/28 [centaur (1)]
  2523 | D:2      | Shot with an arrow by a centaur

Illustrated notes

Levels and vault maps discovered:
D:1:      dpeg_arrival_tiny_a, layout_basic
D:2:      layout_basic, minmay_divided_ellipse

Skill      XL: |  1  2  3  4 |
---------------+-------------+-----
Conjurations   | 2 |  2.4
Spellcasting   | 3 |  3.2
Fighting       | |  0.1
Maces & Flails | |  0.2
Dodging        | |  1.8
Stealth        | |  2.1
Fire Magic     | |  3.9

Action                   |  1- 3 |  4- 6 || total
-------------------------+-------+-------++-------
Melee: Unarmed           |     1 |       ||     1
       Flail             |    33 |     3 ||    36
       Whip              |       |    15 ||    15
 Cast: Foxfire           |    64 |    33 ||    97
  Use: Scroll            |     3 |       ||     3
       Potion            |       |     3 ||     3
Armor: Robe              |    15 |    20 ||    35
Dodge: Dodged            |    23 |    37 ||    60

Table legend: (Time is in decaauts)
 A = Elapsed time spent in this place.
 B = Non-inter-level travel time spent in this place.
 C = Inter-level travel time spent in this place.
 D = Time resting spent in this place.
 E = Time spent auto-exploring this place.
 F = Levels seen in this place.
 G = Mean time per level.
                   A        B        C        D        E       F      G
               +--------+--------+--------+--------+--------+-----+--------+
         Total |   2521 |   2479 |     42 |    390 |   1586 |   2 | 1260.5 |
       Dungeon |   2521 |   2479 |     42 |    390 |   1586 |   2 | 1260.5 |
               +--------+--------+--------+--------+--------+-----+--------+

Top non-repeatable levels by time:
     D:1: 1574 daAuts
     D:2: 946 daAuts
